AoeStats
← K-TO

Oasis

509261170Analyzed
3v3 RM · 6d ago on Sep 26, 2026· 37m 24s· 6 players
Game mode
Random Map
Map size
Normal (6 player)
Population
200
Speed
Normal
Resources
Standard
Victory
Conquest
Starting age
Dark Age
Ending age
Imperial Age
RankedLock teamsTeams togetherTeam positionsShared explorationLock speedFull tech treeHidden civsTurbo modeCheats
Victory
Defeat
🇨🇴 Japanese · Colombia
1315
+14
🇨🇴 Goths · Colombia
1302
+14
🇨🇴 Franks · Colombia
1274
+16
🇺🇸 Danes · United States
1277
-15
🇺🇸 Saxons · United States
1265
-15
🇺🇸 Varangians · United States
1263
-14
SirH
3:17 Loom
10:40 Feudal Age
15:48 Castle Age
15:47 Double-Bit Axe
20:49 Scale Barding Armor
22:51 Town Watch
27:30 Chain Barding Armor
31:11 Husbandry
36:19 Bloodlines
Cheario
7:05 Loom
10:15 Feudal Age
10:43 Double-Bit Axe
15:10 Castle Age
13:27 Gold Mining
13:31 Stone Mining
13:44 Horse Collar
16:19 Heavy Plow
18:11 Bow Saw
24:18 Wheelbarrow
25:17 Gold Shaft Mining
26:10 Hand Cart
30:21 Imperial Age
28:48 Elite Skirmisher
30:16 Squires
30:52 Ballistics
30:24 Gambesons
30:01 Man-at-Arms
31:15 Forging
31:06 Scale Mail Armor
30:42 Shield Wall
30:52 Long Swordsman
32:47 Two-Man Saw
31:46 Two-Handed Swordsman
33:22 Conscription
34:27 Chain Mail Armor
35:01 Iron Casting
35:35 Fletching
35:39 Champion
37:05 Thumb Ring
36:51 Crossbowman
Mordon327
6:48 Loom
9:56 Feudal Age
10:13 Man-at-Arms
11:52 Arson
14:14 Wheelbarrow
14:05 Scale Mail Armor
15:53 Forging
21:04 Castle Age
20:19 Double-Bit Axe
21:13 Horse Collar
21:55 Stone Mining
22:00 Gambesons
22:18 Squires
22:44 Bow Saw
22:47 Gold Mining
31:18 Long Swordsman
34:04 Iron Casting
K-TO
11:11 Feudal Age
9:32 Loom
11:17 Feudal Age
15:21 Castle Age
14:39 Double-Bit Axe
14:37 Horse Collar
19:44 Town Watch
21:14 Wheelbarrow
21:29 Town Patrol
21:46 Bow Saw
23:27 Heavy Plow
25:19 Gold Mining
26:03 Hand Cart
26:33 Forging
26:23 Scale Mail Armor
26:33 Man-at-Arms
27:13 Squires
27:50 Iron Casting
27:22 Long Swordsman
29:55 Chain Mail Armor
34:13 Imperial Age
32:10 Anarchy
34:18 Two-Handed Swordsman
35:04 Scale Barding Armor
36:02 Blast Furnace
35:24 Conscription
35:04 Perfusion
34:56 Champion
sT_K'cifer!
7:10 Loom
10:08 Feudal Age
10:43 Double-Bit Axe
20:33 Castle Age
18:31 Gold Mining
19:12 Forging
19:08 Scale Barding Armor
21:05 Wheelbarrow
21:35 Husbandry
22:12 Iron Casting
21:58 Bow Saw
30:59 Hand Cart
35:15 Chain Barding Armor
36:06 Gold Shaft Mining
Rammanuyan
2:55 Loom
10:33 Feudal Age
11:56 Town Watch
18:41 Wheelbarrow
25:09 Castle Age
23:32 Gold Mining
23:50 Horse Collar
24:25 Fletching
25:10 Crossbowman
26:00 Bodkin Arrow
26:40 Husbandry
29:50 Ballistics
30:21 Thumb Ring
36:16 Heavy Plow
Connection lost

Rejoining the realm…

Still unreachable

The connection could not be restored.

Session expired

The server has moved on; the page needs a fresh start.